 Dungeon Crawl Stone Soup version 0.29-a0-1047-g7c58e119a4 (webtiles) character file.

Game seed: 18187445925447182052

2324 ytrimaz the Martial Artist (level 9, -4/59 HPs)
             Began as a Demonspawn Transmuter on Aug 16, 2022.
             Was an Initiate of Gozag.
             Slain by a sky beast (5 damage)
             ... on level 7 of the Dungeon.
             The game lasted 00:07:36 (8935 turns).

ytrimaz the Martial Artist (Demonspawn Transmuter)  Turns: 8935, Time: 00:07:37

Health: -4/59      AC:  2    Str: 11    XL:     9   Next: 19%
Magic:  12/12      EV: 14    Int: 18    God:    Gozag
Gold:   769        SH:  4    Dex: 14    Spells: 2/12 levels left

rFire   . . .      SeeInvis .     - Unarmed
rCold   . . .      Faith    .   (no shield)
rNeg    . . .      Spirit   .   a - +0 robe
rPois   .          Reflect  .   (helmet restricted)
rElec   .          Harm     .   (no cloak)
rCorr   .          Rampage  .   (gloves unavailable)
Will    ++...                   (no boots)
Stlth   +.........              h - amulet of the acrobat
HPRegen 0.19/turn               c - ring of willpower
MPRegen 0.13/turn               e - ring of willpower

@: about to teleport
A: horns 1, powered by pain 1, condensation shield, weakness stinger 1, demonic
touch 3
a: Renounce Religion, Potion Petition, Call Merchant, Bribe Branch


You were on level 7 of the Dungeon.
You worshipped Gozag.
Gozag was pleased with you.
You visited 1 branch of the dungeon, and saw 7 of its levels.

You collected 824 gold pieces.
You paid 55 gold pieces to Gozag.

Inventory:

Missiles
 k - 4 throwing nets
Armour
 a - a +0 robe (worn)
 o - a +2 scale mail of willpower
Jewellery
 c - a ring of willpower (left hand)
 e - a ring of willpower (right hand)
 f - a ring of fire
 h - an amulet of the acrobat (around neck)
 i - a +6 ring of dexterity
 n - a ring of magical power
 p - a ring of protection from cold
Wands
 l - a wand of light (13)
 r - a wand of digging (5)
Scrolls
 q - a scroll of amnesia
 t - a scroll of torment
 u - a scroll of fog {unknown}
 v - 2 scrolls of teleportation
Potions
 b - 4 potions of lignification
 g - 4 potions of brilliance
 j - 3 potions of might {unknown}
 m - 3 potions of mutation {unknown}
 s - a potion of flight {unknown}
 w - a potion of resistance {unknown}
 x - a potion of heal wounds {unknown}
 z - a potion of berserk rage {unknown}


   Skills:
 - Level 1.0 Fighting
 + Level 5.7 Dodging
 + Level 10.3 Unarmed Combat
 - Level 2.0 Spellcasting
 - Level 1.7 Transmutations


You had 2 spell levels left.
You knew the following spells:

 Your Spells              Type           Power      Damage    Failure   Level
a - Beastly Appendage     Tmut           16%        N/A       9%          1
b - Wereblood             Tmut           8%         N/A       13%         2
c - Spider Form           Tmut/Pois      5%         N/A       36%         3
d - Ice Form              Ice/Tmut       4%         N/A       77%         4

Your spell library contained the following spells:

 Spells                   Type           Power      Damage    Failure   Level
 Sting                    Tmut/Pois      20%        1d4       13%         1
 Necrotise                Necr           4%         1d4       19%         1
 Poisonous Vapours        Pois/Air       2%         N/A       26%         2
 Ignite Poison            Fire/Tmut/Pois 3%         N/A       38%         3
 Inner Flame              Hex/Fire       1%         N/A       47%         3
 Mephitic Cloud           Conj/Pois/Air  1%         N/A       47%         3
 Portal Projectile        Hex/Tloc       2%         N/A       47%         3
 Tukima's Dance           Hex            1%         N/A       47%         3
 Cause Fear               Hex            0%         N/A       87%         4
 Olgreb's Toxic Radiance  Pois           2%         N/A       87%         4
 Blade Hands              Tmut           4%         N/A       94%         5
 Freezing Cloud           Conj/Ice/Air   0%         6-21      99%         5
 Discord                  Hex            0%         N/A       100%        8


Dungeon Overview and Level Annotations

Branches:
Dungeon (7/15)             Temple (0/1) D:7

Altars:
Ashenzari
Cheibriados
Gozag
Ru
Trog
Uskayaw
Wu Jian

Shops:
D:3 ?


Innate Abilities, Weirdness & Mutations

You have a pair of small horns on your head.
You sometimes gain a little power by taking damage.
A meltable shield of frost defends you. (SH +4)
You have a small tail.
Your touch may irresistibly damage your foes and sap their willpower.


Message History

Unknown command.
You closely miss the sky beast.
The sky beast is heavily wounded.
The sky beast flickers out of sight!
Deactivating autopickup; reactivate with Ctrl-A.
Something hits you. Something shocks you.
You closely miss something. Your kick misses something.
Your tail-slap misses something.
Your touch misses something. Something hits you. Something shocks you.
Unknown command.
You hit something. Your punch misses something. Something hits you.
Something shocks you.
* * * LOW HITPOINT WARNING * * *
You hit something but do no damage. You claw something.
Your touch misses something. Your punch misses something.
Something barely misses you. Something hits you.
* * * LOW HITPOINT WARNING * * *
Something shocks you.
* * * LOW HITPOINT WARNING * * *
A sky beast appears from thin air!
Reactivating autopickup.
Your talons disappear.
You closely miss the sky beast.
You headbutt the sky beast, but do no damage.
Your touch misses the sky beast.
The sky beast is heavily wounded.
The sky beast hits you.
* * * LOW HITPOINT WARNING * * *
The sky beast shocks you.
* * * LOW HITPOINT WARNING * * *
You feel better. The sky beast barely misses you.
As you read the scroll of teleportation, it crumbles to dust.
You feel strangely unstable.
The sky beast flickers out of sight!
Deactivating autopickup; reactivate with Ctrl-A.
Something hits you.
* * * LOW HITPOINT WARNING * * *
Something shocks you.
You die...
Your body crumbles into a pile of gold.

.........# #(...)....
....####.# .........
#######..########._.......
#........#.....##########
#...............'........
#......#........#........
#......#........#........
#......#..##...##........
#.....##@.##...##........
#.....#.{..#...##........
#.....#....#...##........
#.....#....#...#.........
#.....#....#...#........'
#....#...#.........
#....#...#.......(.
#....#...#.........
#..###'####...##..#


There were no monsters in sight!

Vanquished Creatures
  Pikel (D:7)
  Prince Ribbit (D:5)
  A water moccasin (D:7)
  A sky beast (D:7)
  2 ogres
  A black bear (D:6)
  A centaur (D:7)
  A lemure (D:7)
  A phantom (D:6)
  A bullfrog (D:7)
  A necrophage (D:5)
  4 scorpions
  A gnoll bouda (D:6)
  4 hounds
  2 orc priests
  2 jellies
  4 iguanas
  Jessica (D:2)
  An orc wizard (D:3)
  6 adders
  10 gnolls
  2 shadow imps
  An ufetubus (D:7)
  A worm (D:3)
  2 dart slugs
  24 orcs
  2 bats
  7 endoplasms
  4 giant cockroaches
  12 goblins
  11 hobgoblins
  6 jackals (D:4)
  4 kobolds
  2 quokkas
  6 ball pythons
  2 frilled lizards
  6 rats
139 creatures vanquished.

Vanquished Creatures (others)
  5 plants (D:1)
5 creatures vanquished.

Grand Total: 144 creatures vanquished

Notes
Turn   | Place    | Note
-------+----------+-------------------------------------------
     0 | D:1      | ytrimaz the Demonspawn Transmuter began the quest for the
                  | Orb.
     0 | D:1      | Reached XP level 1. HP: 15/15 MP: 3/3
   308 | D:1      | Reached skill level 3 in Unarmed Combat
   488 | D:1      | Discovered your monstrous ancestry.
   488 | D:1      | Gained mutation: Your touch may inflict minor irresistible
                  | damage on your foes. [demonic ancestry]
   488 | D:1      | Reached XP level 2. HP: 11/21 MP: 3/5
   766 | D:1      | Found a faded altar of an unknown god.
  1749 | D:2      | Learned a level 2 spell: Wereblood
  1773 | D:2      | Gained mutation: A meltable shield of frost defends you.
                  | (SH +4) [demonic ancestry]
  1773 | D:2      | Reached XP level 3. HP: 26/26 MP: 4/6
  2180 | D:2      | Reached skill level 4 in Unarmed Combat
  2244 | D:2      | Noticed Jessica
  2252 | D:2      | Killed Jessica
  2253 | D:2      | Mutation became permanent: You have a pair of small horns
                  | on your head. [demonic ancestry]
  2253 | D:2      | Gained mutation: You have a pair of horns on your head.
                  | [demonic ancestry]
  2253 | D:2      | Reached XP level 4. HP: 32/32 MP: 5/7
  2266 | D:2      | Got Jessica's Codex of the Mausoleum
  3151 | D:3      | Found a broken altar of Ashenzari.
  3225 | D:3      | Found Xymitus's Magic Scroll Boutique.
  3555 | D:3      | Reached skill level 5 in Unarmed Combat
  3555 | D:3      | Gained mutation: You sometimes gain a little power by
                  | taking damage. [demonic ancestry]
  3555 | D:3      | Reached XP level 5. HP: 11/37 MP: 6/8
  4284 | D:4      | Gained mutation: Your touch may inflict irresistible damage
                  | on your foes. [demonic ancestry]
  4284 | D:4      | Reached XP level 6. HP: 19/43 MP: 7/9
  4550 | D:4      | Found an opulent altar of Gozag.
  4552 | D:4      | Found a sacrificial altar of Ru.
  4553 | D:4      | Found an ornate altar of the Wu Jian Council.
  4553 | D:4      | Found a hide-covered altar of Uskayaw.
  4609 | D:4      | Found a snail-covered altar of Cheibriados.
  4658 | D:4      | Became a worshipper of Gozag Ym Sagoz the Greedy
  4731 | D:4      | Reached skill level 6 in Unarmed Combat
  5263 | D:5      | Entered Level 5 of the Dungeon
  5491 | D:5      | Noticed Prince Ribbit
  5506 | D:5      | Killed Prince Ribbit
  5507 | D:5      | Reached skill level 7 in Unarmed Combat
  5507 | D:5      | Reached XP level 7. HP: 37/48 MP: 10/10
  6597 | D:6      | Reached skill level 8 in Unarmed Combat
  6597 | D:6      | Gained mutation: Your touch may irresistibly damage your
                  | foes and sap their willpower. [demonic ancestry]
  6597 | D:6      | Reached XP level 8. HP: 48/54 MP: 11/11
  7666 | D:6      | Learned a level 3 spell: Spider Form
  7671 | D:6      | Learned a level 4 spell: Ice Form
  7719 | D:7      | Reached skill level 9 in Unarmed Combat
  7775 | D:7      | Reached skill level 5 in Dodging
  7845 | D:7      | Found a bloodstained altar of Trog.
  7863 | D:7      | HP: 1/54 [something (5)]
  8207 | D:7      | Noticed Pikel
  8239 | D:7      | Killed Pikel
  8240 | D:7      | Reached skill level 10 in Unarmed Combat
  8240 | D:7      | Gained mutation: You have a small tail. [demonic ancestry]
  8240 | D:7      | Reached XP level 9. HP: 20/59 MP: 8/12
  8457 | D:7      | Found a staircase to the Ecumenical Temple.
  8933 | D:7      | HP: 1/59 [sky beast (6)]
  8935 | D:7      | Slain by a sky beast

Illustrated notes

Levels and vault maps discovered:
D:1:      roderic_crop_circles_arrival_small, layout_basic,
          ebering_ecumenical_altar_sacrificial
D:2:      layout_loops_cross, kennysheep_jessica_study
D:3:      layout_basic, mainiacjoe_overflow_chevrons, serial_shops,
          nicolae_shop_advertising_works [nicolae_subvault_shop_adworks]
D:4:      nicolae_cairo_tiling_large_dashed, layout_gridville,
          grunt_temple_overflow_open, serial_co_window_serial,
          co_window_paths_b, co_window_corner_a, co_window_corner_a,
          co_window_paths_a, co_window_paths_a, co_window_corner_a,
          co_window_paths_a, co_window_broadway_b, co_window_paths_c,
          co_window_of_opportunity_c, co_window_corner_b, glass_columns_b,
          glass_columns_c, glass_columns_b, glass_columns_a, glass_columns_b,
          minmay_checkerbox
D:5:      layout_basic, uniq_prince_ribbit1
D:6:      layout_cave_pools
D:7:      layout_gridville, overflow_temple_1_default, lemuel_tele_altar,
          minmay_temple_entry_drinking_statues, uniq_pikel

Skill      XL: |  1  2  3  4  5  6  7  8 |
---------------+-------------------------+-----
Unarmed Combat | 3 4 5 7 8 10 | 10.3
Dodging        | 2 3 4 5 |  5.7
Fighting       | |  1.0
Spellcasting   | |  2.0
Transmutations | |  1.7

Action                   |  1- 3 |  4- 6 |  7- 9 || total
-------------------------+-------+-------+-------++-------
Melee: Unarmed           |    76 |   162 |   158 ||   396
       Headbutt          |     3 |    23 |    31 ||    57
       Punch             |     1 |     6 |     3 ||    10
       Touch             |    10 |    29 |    21 ||    60
       Kick              |     8 |    32 |    28 ||    68
       Tailslap          |       |       |     3 ||     3
 Cast: Beastly Appendage |    20 |    30 |    20 ||    70
       Wereblood         |       |     3 |     8 ||    11
       Spider Form       |       |       |     2 ||     2
  Use: Scroll            |     4 |     4 |     7 ||    15
       Potion            |       |       |     4 ||     4
 Stab: Sleeping          |       |       |     1 ||     1
Armor: Robe              |     8 |    11 |    16 ||    35
       Scale mail        |       |    16 |       ||    16
Dodge: Dodged            |    43 |    88 |   115 ||   246
Block: Other             |     3 |    27 |    20 ||    50

Table legend: (Time is in decaauts)
 A = Elapsed time spent in this place.
 B = Non-inter-level travel time spent in this place.
 C = Inter-level travel time spent in this place.
 D = Time resting spent in this place.
 E = Time spent auto-exploring this place.
 F = Levels seen in this place.
 G = Mean time per level.
                   A        B        C        D        E       F      G
               +--------+--------+--------+--------+--------+-----+--------+
         Total |   8886 |   8591 |    295 |    496 |   6864 |   7 | 1269.4 |
       Dungeon |   8886 |   8591 |    295 |    496 |   6864 |   7 | 1269.4 |
               +--------+--------+--------+--------+--------+-----+--------+

Top non-repeatable levels by time:
     D:5: 1479 daAuts
     D:4: 1371 daAuts
     D:3: 1363 daAuts
     D:1: 1301 daAuts
     D:7: 1247 daAuts
     D:2: 1207 daAuts
     D:6: 916 daAuts
